 Dungeon Crawl Stone Soup version 0.22.1-2-g9c5b331383 (webtiles) character file.

40416 Looger the Basher (level 14, -15/111 HPs)
             Began as a Gnoll Berserker on Nov 22, 2018.
             Was a High Priest of Trog.
             Hit by a large rock thrown by a cyclops (33 damage)
             ... on level 11 of the Dungeon.
             The game lasted 01:56:38 (16469 turns).

Looger the Basher (Gnoll Berserker)                Turns: 16469, Time: 01:56:39

Health: -15/111    AC: 21    Str: 26    XL:     14   Next: 10%
Magic:  26/26      EV: 12    Int:  7    God:    Trog [*****.]
Gold:   446        SH: 14    Dex: 16    Spells: 30/30 levels left

rFire    . . .     SeeInvis .   H - +2 whip (elec)
rCold    + . .     Gourm    .   G - +2 shield
rNeg     . . .     Faith    .   x - +0 plate armour
rPois    .         Spirit   .   t - +0 helmet
rElec    .         Reflect  .   Q - +0 cloak
rCorr    +         Harm     .   O - +1 pair of gloves
MR       +....                  V - +0 pair of boots
Stlth    ..........             m - amulet of regeneration
HPRegen  0.68/turn              e - +3 ring of strength
MPRegen  0.20/turn              W - ring "Coanot" {rCorr +Blink rC+ Int-3 Slay+2}

@: lethally poisoned (-15 -> -21), studying Crossbows
A: distributed training, fangs 1, strong nose
a: Berserk, Trog's Hand, Brothers in Arms, Renounce Religion, Evoke Blink


You were on level 11 of the Dungeon.
You worshipped Trog.
Trog was extremely pleased with you.
You were hungry.

You visited 2 branches of the dungeon, and saw 16 of its levels.

You collected 1218 gold pieces.
You spent 772 gold pieces at shops.

Inventory:

Hand Weapons
 H - a +2 whip of electrocution (weapon)
Missiles
 s - 61 stones (quivered)
 y - 7 tomahawks
Armour
 q - a +1 ring mail of cold resistance
 t - a +0 helmet (worn)
 x - a +0 plate armour (worn)
 G - a +2 shield (worn)
 O - a +1 pair of gloves (worn)
 Q - a +0 cloak (worn)
 V - a +0 pair of boots (worn)
Jewellery
 e - a +3 ring of strength (left hand)
 m - an amulet of regeneration (around neck)
 P - an uncursed amulet of rage {unknown}
 T - a +3 ring of dexterity {unknown}
 W - the ring "Coanot" (right hand) {rCorr +Blink rC+ Int-3 Slay+2}
   (You bought it in a shop on level 10 of the Dungeon)

   [ring of resist corrosion]

   It affects your intelligence (-3).
   It affects your accuracy and damage with ranged weapons and melee attacks
   (+2).
   It protects you from cold.
   It lets you blink.
Wands
 d - a wand of disintegration (7)
 l - a wand of flame (26)
 z - a wand of acid (25)
 D - a wand of polymorph (3)
 I - a wand of clouds (4)
 M - a wand of iceblast (13)
 X - a wand of digging (9)
Scrolls
 a - 4 scrolls of enchant armour
 b - 4 scrolls of blinking
 f - 17 scrolls of remove curse
 h - 5 scrolls of teleportation
 p - 2 scrolls of fear
 A - 4 scrolls of magic mapping
 B - 4 scrolls of enchant weapon {unknown}
 C - a scroll of random uselessness {unknown}
 J - 2 scrolls of vulnerability {unknown}
 L - 2 scrolls of identify
 U - a scroll of fog {unknown}
Potions
 g - 4 potions of flight
 i - 3 potions of ambrosia
 j - 4 potions of resistance
 n - 4 potions of mutation
 o - 9 potions of curing
 r - 2 potions of magic
 u - 3 potions of lignification
 v - 2 potions of heal wounds {unknown}
 E - 3 potions of brilliance {unknown}
 F - 2 potions of agility
 K - 5 potions of haste
 N - a potion of cancellation {unknown}
 R - a potion of invisibility
 S - a potion of might {unknown}
Books
 w - a manual of Crossbows
Comestibles
 c - 39 rations
 k - 3 chunks of flesh


   Skills:
 + Level 10.8 Fighting
 + Level 8.8 Short Blades
 + Level 8.8 Long Blades
 + Level 8.8 Axes
 + Level 10.8 Maces & Flails
 + Level 8.8 Polearms
 + Level 8.8 Staves
 + Level 8.8 Slings
 + Level 8.8 Bows
 + Level 10.1 Crossbows
 + Level 8.8 Throwing
 + Level 9.9 Armour
 + Level 9.9 Dodging
 + Level 8.8 Stealth
 + Level 8.8 Shields
 + Level 8.8 Unarmed Combat
 + Level 8.8 Spellcasting
 + Level 7.3 Conjurations
 + Level 7.3 Hexes
 + Level 7.3 Charms
 + Level 7.3 Summonings
 + Level 7.3 Necromancy
 + Level 7.3 Translocations
 + Level 7.3 Transmutations
 + Level 7.3 Fire Magic
 + Level 7.3 Ice Magic
 + Level 7.3 Air Magic
 + Level 7.3 Earth Magic
 + Level 7.3 Poison Magic
 + Level 9.5 Invocations
 + Level 8.8 Evocations


You had 30 spell levels left.
You didn't know any spells.
Your spell library contained the following spells:

 Spells                   Type           Power        Failure   Level  Hunger
 Animate Skeleton         Necr           N/A          21%         1    None
 Magic Dart               Conj           ##..         21%         1    None
 Pain                     Necr           ##..         21%         1    None
 Summon Small Mammal      Summ           ##..         21%         1    None
 Call Imp                 Summ           ##......     30%         2    ##.....
 Searing Ray              Conj           ##....       30%         2    ##.....
 Call Canine Familiar     Summ           ##......     52%         3    ###....
 Dazzling Spray           Conj/Hex       ##....       52%         3    ###....
 Regeneration             Chrm/Necr      ##........   52%         3    ###....
 Summon Guardian Golem    Hex/Summ       ##......     52%         3    ###....
 Vampiric Draining        Necr           ##........   52%         3    ###....
 Animate Dead             Necr           N/A          89%         4    ####...
 Force Lance              Conj/Tloc      ##......     89%         4    ####...
 Fulminant Prism          Conj/Hex       ##........   89%         4    ####...
 Iskenderun's Mystic Bla  Conj           ##......     89%         4    ####...
 Summon Ice Beast         Ice/Summ       ##......     89%         4    ####...
 Summon Lightning Spire   Summ/Air       ##......     89%         4    ####...


Dungeon Overview and Level Annotations

Branches:
Dungeon (11/15)            Temple (0/1) D:4            Lair (5/6) D:9
 Shoals (0/4) Lair:2       Spider (0/4) Lair:2        Slime (0/5) Lair:5
    Orc (0/2) D:10

Altars:
Cheibriados
Nemelex Xobeh
Okawaru
Uskayaw
Jiyva

Shops:
D:10 [([[=

Annotations:
D:4 exclusion: hippogriff
D:6 2 runed doors, siprus's ghost, novice DsMo
D:10 1 runed door
Lair:3 exclusion: oklob plant


Innate Abilities, Weirdness & Mutations

Your experience applies equally to all skills.
You have very sharp teeth.
Your uncanny sense of smell can sniff out nearby items.


Message History

You feel sick.
Your deep troll bites the stone giant.
Your deep troll claws the stone giant!
Your deep troll claws the stone giant!!
The stone giant dies!
Trog accepts your kill.
Your deep troll rages.
The cyclops throws a large rock.
The large rock hits your deep troll!!
You feel sick.
Your deep troll bites the cyclops.
Your deep troll claws the cyclops!!
Your deep troll claws the cyclops but does no damage.
The cyclops hits your deep troll!!
You feel sick.
Your deep troll barely misses the cyclops.
Your deep troll claws the cyclops!!
The cyclops dies!
Trog accepts your kill.
The cyclops throws a large rock.
The large rock hits your deep troll!
The cyclops throws a large rock.
The large rock closely misses your deep troll.
The large rock hits you!!
You die...

####### ########## #####
..$....####........#..
.....
......CT(((@.......'..
.....
......C####........#. ...
....... ####'##### .
.......
∆∆∆∆∆#.#############
.......
∆∆∆∆∆#...........'..
....CCC #############..
####### #.## #.. ##
###.......... ......#.. ∆∆
#.##...................#..


You could see 2 cyclopes and a friendly deep troll (berserk).

Vanquished Creatures
  Harold (D:8)
  3 hydras (Lair:4)
  A catoblepas (Lair:5)
  2 two-headed ogres
  Erica (D:8)
  A death yak (Lair:3)
  2 unseen horrors (D:10)
  9 cyclopes (D:11)
  6 elephants (Lair:5)
  2 black mambas
  6 spiny frogs
  A rime drake (Lair:2)
  6 komodo dragons
  5 polar bears (Lair:5)
  A troll (D:9)
  A hornet (D:10)
  4 blink frogs
  10 hippogriffs
  A redback (Lair:2)
  A snapping turtle (Lair:2)
  6 wyverns
  A wraith (D:10)
  35 yaks
  A fire bat (Lair:3)
  2 hungry ghosts
  Grum (D:8)
  3 basilisks
  2 wargs (D:11)
  5 water moccasins
  Duvessa (D:7)
  13 porcupines
  5 ice beasts
  2 black bears
  3 orc warriors
  A sky beast (D:8)
  3 necrophages
  5 ogres
  A phantom (D:6)
  17 wolves
  5 centaurs
  15 crocodiles
  3 big kobolds
  13 bullfrogs
  A wyvern zombie (D:6)
  Dowan (D:7)
  A wyvern skeleton (D:6)
  4 scorpions
  12 killer bees
  2 electric eels (Lair:2)
  2 howler monkeys (D:11)
  A bullfrog zombie (D:10)
  A crimson imp (D:10)
  6 hounds
  4 orc priests
  4 jellies
  2 bullfrog skeletons
  3 centaur skeletons
  4 orc wizards
  A hell rat (Lair:3)
  2 iguanas
  10 worker ants
  Natasha (thrice) (D:2)
  A killer bee zombie (D:9)
  A hound skeleton (D:8)
  3 worker ant zombies
  A gnoll (D:6)
  14 adders
  2 oozes
  An adder skeleton (D:4)
  A worm (D:3)
  A dart slug (D:4)
  2 leopard geckos
  31 orcs
  8 giant cockroaches
  5 goblins
  18 hobgoblins
  10 jackals
  A quokka (D:7)
  14 bats
  6 frilled lizards
  27 kobolds
  A quokka skeleton (D:8)
  8 rats
  A fungus (Lair:5)
428 creatures vanquished.

Vanquished Creatures (collateral kills)
  Rupert (Lair:3)
  A stone giant (D:11)
  An ettin (D:11)
  An ugly thing (D:11)
  A cyclops (D:11)
  A porcupine (Lair:3)
6 creatures vanquished.

Vanquished Creatures (others)
  12 fungi
  14 plants
26 creatures vanquished.

Grand Total: 460 creatures vanquished

Notes
Turn   | Place    | Note
-------+----------+-------------------------------------------
     0 | D:1      | Looger the Gnoll Berserker began the quest for the Orb.
     0 | D:1      | Reached XP level 1. HP: 23/23 MP: 1/1
    71 | D:1      | Reached XP level 2. HP: 29/29 MP: 2/2
   374 | D:1      | Reached XP level 3. HP: 34/35 MP: 3/3
   375 | D:1      | Reached ** piety under Trog
   987 | D:2      | Noticed Natasha
   996 | D:2      | Killed Natasha
   996 | D:2      | Reached skill level 1 in Short Blades
   996 | D:2      | Reached skill level 1 in Long Blades
   996 | D:2      | Reached skill level 1 in Axes
   996 | D:2      | Reached skill level 1 in Polearms
   996 | D:2      | Reached skill level 1 in Staves
   996 | D:2      | Reached skill level 1 in Slings
   996 | D:2      | Reached skill level 1 in Bows
   996 | D:2      | Reached skill level 1 in Crossbows
   996 | D:2      | Reached skill level 1 in Throwing
   996 | D:2      | Reached skill level 1 in Stealth
   996 | D:2      | Reached skill level 1 in Shields
   996 | D:2      | Reached skill level 1 in Unarmed Combat
   996 | D:2      | Reached skill level 1 in Spellcasting
   996 | D:2      | Reached skill level 1 in Invocations
   996 | D:2      | Reached skill level 1 in Evocations
   996 | D:2      | Reached XP level 4. HP: 35/41 MP: 5/5
  1150 | D:2      | Noticed Natasha
  1162 | D:2      | Killed Natasha
  1162 | D:2      | Reached skill level 1 in Conjurations
  1162 | D:2      | Reached skill level 1 in Hexes
  1162 | D:2      | Reached skill level 1 in Charms
  1162 | D:2      | Reached skill level 1 in Summonings
  1162 | D:2      | Reached skill level 1 in Necromancy
  1162 | D:2      | Reached skill level 1 in Translocations
  1162 | D:2      | Reached skill level 1 in Transmutations
  1162 | D:2      | Reached skill level 1 in Fire Magic
  1162 | D:2      | Reached skill level 1 in Ice Magic
  1162 | D:2      | Reached skill level 1 in Air Magic
  1162 | D:2      | Reached skill level 1 in Earth Magic
  1162 | D:2      | Reached skill level 1 in Poison Magic
  1162 | D:2      | Reached XP level 5. HP: 42/47 MP: 6/6
  1321 | D:2      | Noticed Natasha
  1327 | D:2      | Killed Natasha
  1583 | D:2      | Found a sparkling altar of Nemelex Xobeh.
  2267 | D:3      | Reached XP level 6. HP: 53/53 MP: 8/8
  2329 | D:3      | Reached *** piety under Trog
  2850 | D:3      | Found a sparkling altar of Nemelex Xobeh.
  3300 | D:4      | Found a staircase to the Ecumenical Temple.
  3356 | D:4      | Reached skill level 5 in Armour
  3356 | D:4      | Reached skill level 5 in Dodging
  3463 | D:4      | Noticed a hippogriff
  3600 | D:4      | Found an iron altar of Okawaru.
  4508 | D:5      | Entered Level 5 of the Dungeon
  4766 | D:5      | Reached XP level 7. HP: 53/59 MP: 10/10
  4876 | D:5      | Found a snail-covered altar of Cheibriados.
  5392 | D:6      | Found a runed door.
  5393 | D:6      | Noticed siprus's ghost (novice DsMo)
  5794 | D:6      | Reached **** piety under Trog
  5822 | D:6      | Reached XP level 8. HP: 67/67 MP: 12/12
  5896 | D:6      | Found a runed door.
  5989 | D:6      | Received a gift from Trog
  6405 | D:7      | Noticed a hippogriff
  6413 | D:7      | Killed a hippogriff
  6413 | D:7      | Reached XP level 9. HP: 63/73 MP: 14/14
  6454 | D:7      | Noticed Duvessa
  6454 | D:7      | Noticed Dowan
  6473 | D:7      | Killed Duvessa
  6485 | D:7      | Killed Dowan
  6937 | D:8      | Noticed Maurice
  6938 | D:8      | Noticed Maurice
  6938 | D:8      | Maurice changed into Maurice the ice beast
  6944 | D:8      | Killed Maurice the ice beast
  6959 | D:8      | Noticed Erica
  6963 | D:8      | Noticed a two-headed ogre
  6980 | D:8      | Killed Erica
  6980 | D:8      | Reached skill level 5 in Invocations
  7035 | D:8      | Reached XP level 10. HP: 80/80 MP: 15/17
  7091 | D:8      | Noticed Harold
  7095 | D:8      | Noticed Grum
  7145 | D:8      | Killed Grum
  7155 | D:8      | Killed Harold
  7155 | D:8      | Reached skill level 5 in Short Blades
  7155 | D:8      | Reached skill level 5 in Long Blades
  7155 | D:8      | Reached skill level 5 in Axes
  7155 | D:8      | Reached skill level 5 in Polearms
  7155 | D:8      | Reached skill level 5 in Staves
  7155 | D:8      | Reached skill level 5 in Slings
  7155 | D:8      | Reached skill level 5 in Bows
  7155 | D:8      | Reached skill level 5 in Crossbows
  7155 | D:8      | Reached skill level 5 in Throwing
  7155 | D:8      | Reached skill level 5 in Stealth
  7155 | D:8      | Reached skill level 5 in Shields
  7155 | D:8      | Reached skill level 5 in Unarmed Combat
  7155 | D:8      | Reached skill level 5 in Spellcasting
  7155 | D:8      | Reached skill level 5 in Evocations
  7267 | D:8      | Killed a two-headed ogre
  7787 | D:9      | Received a gift from Trog
  7929 | D:9      | Reached XP level 11. HP: 87/87 MP: 19/19
  7937 | D:9      | Noticed a two-headed ogre
  7956 | D:9      | Killed a two-headed ogre
  8110 | D:9      | Found a staircase to the Lair.
  8282 | D:10     | Entered Level 10 of the Dungeon
  8372 | D:10     | Found a runed door.
  8401 | D:10     | Found Hiseve's Antique Armour Boutique.
  8435 | D:10     | Reached ***** piety under Trog
  8487 | D:10     | Found Wuyly Coum's Armour Shoppe.
  8500 | D:10     | Reached skill level 5 in Conjurations
  8500 | D:10     | Reached skill level 5 in Hexes
  8500 | D:10     | Reached skill level 5 in Charms
  8500 | D:10     | Reached skill level 5 in Summonings
  8500 | D:10     | Reached skill level 5 in Necromancy
  8500 | D:10     | Reached skill level 5 in Translocations
  8500 | D:10     | Reached skill level 5 in Transmutations
  8500 | D:10     | Reached skill level 5 in Fire Magic
  8500 | D:10     | Reached skill level 5 in Ice Magic
  8500 | D:10     | Reached skill level 5 in Air Magic
  8500 | D:10     | Reached skill level 5 in Earth Magic
  8500 | D:10     | Reached skill level 5 in Poison Magic
  8505 | D:10     | Bought a +1 pair of gloves for 126 gold pieces
  8612 | D:10     | Killed an unseen horror
  8640 | D:10     | Found a staircase to the Orcish Mines.
  8642 | D:10     | Found Anlaodd's Antique Weapon Shoppe.
  8711 | D:10     | Received a gift from Trog
  8814 | D:10     | Found Zyta's Armour Emporium.
  9118 | D:10     | Killed an unseen horror
  9131 | D:10     | Found Hoah Jat's Jewellery Emporium.
  9289 | Lair:1   | Entered Level 1 of the Lair of Beasts
  9333 | Lair:1   | Found a hide-covered altar of Uskayaw.
 10139 | Lair:2   | Reached XP level 12. HP: 96/96 MP: 22/22
 10177 | Lair:2   | Received a gift from Trog
 10264 | Lair:2   | Found a staircase to the Shoals.
 10753 | Lair:2   | Found a hole to the Spider Nest.
 11218 | D:10     | Bought the ring "Coanot" {rCorr +Blink rC+ Int-3 Slay+2}
                  | for 646 gold pieces
 11357 | Lair:3   | Noticed Rupert
 11364 | Lair:3   | Killed Rupert
 11574 | Lair:3   | Noticed a death yak
 11759 | Lair:3   | Noticed Sonja
 11766 | Lair:3   | Noticed Sonja
 11766 | Lair:3   | Sonja changed into Sonja the fire bat
 11777 | Lair:3   | Killed Sonja the fire bat
 12129 | Lair:3   | Killed a death yak
 12142 | Lair:3   | Reached skill level 10 in Fighting
 12142 | Lair:3   | Reached skill level 10 in Maces & Flails
 12458 | Lair:4   | Noticed an eight-headed hydra
 12476 | Lair:4   | Killed an eight-headed hydra
 12606 | Lair:4   | Noticed a five-headed hydra
 12626 | Lair:4   | Killed a five-headed hydra
 12626 | Lair:4   | Reached XP level 13. HP: 89/103 MP: 24/24
 12767 | Lair:4   | HP: 5/103 [spiny frog (14)]
 13676 | Lair:4   | Received a gift from Trog
 14172 | Lair:5   | Received a gift from Trog
 14840 | Lair:5   | Found a viscous altar of Jiyva.
 14840 | Lair:5   | Found a staircase to the Slime Pits.
 15240 | D:11     | Received a gift from Trog
 15780 | D:11     | Received a gift from Trog
 15947 | D:11     | Reached XP level 14. HP: 111/111 MP: 26/26
 16010 | D:11     | Reached skill level 10 in Crossbows
 16453 | D:11     | Noticed a stone giant
 16467 | D:11     | Killed a stone giant
 16469 | D:11     | Hit by a large rock thrown by a cyclops

Skill      XL: |  1  2  3  4  5  6  7  8  9 10 11 12 13 14 |
---------------+-------------------------------------------+-----
Short Blades   | 1 2 3 4 5 6 7 8 |  8.8
Long Blades    | 1 2 3 4 5 6 7 8 |  8.8
Axes           | 1 2 3 4 5 6 7 8 |  8.8
Polearms       | 1 2 3 4 5 6 7 8 |  8.8
Staves         | 1 2 3 4 5 6 7 8 |  8.8
Slings         | 1 2 3 4 5 6 7 8 |  8.8
Bows           | 1 2 3 4 5 6 7 8 |  8.8
Crossbows      | 1 2 3 4 5 6 8 9 10 | 10.1
Throwing       | 1 2 3 4 5 6 7 8 |  8.8
Stealth        | 1 2 3 4 5 6 7 8 |  8.8
Shields        | 1 2 3 4 5 6 7 8 |  8.8
Unarmed Combat | 1 2 3 4 5 6 7 8 |  8.8
Spellcasting   | 1 2 3 4 5 6 7 8 |  8.8
Invocations    | 1 2 3 4 5 6 7 8 9 |  9.5
Evocations     | 1 2 3 4 5 6 7 8 |  8.8
Conjurations   | 1 2 3 4 5 6 7 |  7.3
Hexes          | 1 2 3 4 5 6 7 |  7.3
Charms         | 1 2 3 4 5 6 7 |  7.3
Summonings     | 1 2 3 4 5 6 7 |  7.3
Necromancy     | 1 2 3 4 5 6 7 |  7.3
Translocations | 1 2 3 4 5 6 7 |  7.3
Transmutations | 1 2 3 4 5 6 7 |  7.3
Fire Magic     | 1 2 3 4 5 6 7 |  7.3
Ice Magic      | 1 2 3 4 5 6 7 |  7.3
Air Magic      | 1 2 3 4 5 6 7 |  7.3
Earth Magic    | 1 2 3 4 5 6 7 |  7.3
Poison Magic   | 1 2 3 4 5 6 7 |  7.3
Armour         | 5 6 7 8 9 |  9.9
Dodging        | 5 6 7 8 9 |  9.9
Fighting       | 7 8 9 10 | 10.8
Maces & Flails | 7 8 9 10 | 10.8

Action                   |  1- 3 |  4- 6 |  7- 9 | 10-12 | 13-15 || total
-------------------------+-------+-------+-------+-------+-------++-------
Melee: Mace              |    85 |   205 |       |       |       ||   290
       Bite              |     8 |    21 |    32 |   140 |   126 ||   327
       Punch             |       |     2 |     1 |       |       ||     3
       Flail             |       |    12 |    90 |       |       ||   102
       Whip              |       |       |   168 |   762 |   570 ||  1500
Invok: Berserk           |     1 |     3 |     2 |     2 |       ||     8
       Brothers in Arms  |       |       |       |     2 |     1 ||     3
 Abil: Evoke Blink       |       |       |       |       |     1 ||     1
Evoke: Wand              |       |       |    12 |    15 |     3 ||    30
  Use: Scroll            |       |    10 |     3 |     7 |     6 ||    26
       Potion            |       |       |     1 |     1 |     1 ||     3
 Stab: Sleeping          |       |     3 |     1 |       |       ||     4
       Distracted        |       |       |     1 |       |       ||     1
  Eat: Chunk             |     1 |    12 |    10 |    19 |    13 ||    55
       Ration            |       |     1 |       |     1 |       ||     2
Armor: Animal skin       |     5 |       |       |       |       ||     5
       Ring mail         |    21 |    74 |    37 |       |       ||   132
       Skin              |       |       |     6 |    11 |       ||    17
       Plate armour      |       |       |    24 |   235 |   198 ||   457
Dodge: Dodged            |    56 |   160 |    89 |   204 |   173 ||   682
Block: Shield            |       |       |   103 |   395 |   363 ||   861
